 Dungeon Crawl Stone Soup version 0.32-a0-886-g41c5271027 (webtiles) character file.

Game seed: 4218191547621669468

44 Autsider the Chiller (level 3, 0/26 HPs)
             Began as a Demonspawn Ice Elementalist on Apr 2, 2024.
             Frozen to death by an endoplasm (5 damage)
             ... on level 1 of the Dungeon.
             The game lasted 00:03:22 (1349 turns).

Autsider the Chiller (Demonspawn Ice Elementalist)  Turns: 1349, Time: 00:03:23

Health: 0/26       AC:  5    Str:  8    XL:     3   Next: 39%
Magic:  0/6        EV: 11    Int: 17    God:
Gold:   71         SH:  0    Dex: 13    Spells: 2/6 levels left

rFire   . . .        c - +0 short sword
rCold   . . .        (no shield)
rNeg    . . .        a - +0 robe
rPois   .            f - +2 hat
rElec   .            (no cloak)
rCorr   .            (no gloves)
SInv    .            (no boots)
Will    .....        (no amulet)
Stlth   ++           (no ring)
HPRegen 0.24/turn    (no ring)
MPRegen 0.10/turn

%: no passive effects
@: no status effects
A: horns 1, sharp scales 1
a: no special abilities


You were on level 1 of the Dungeon.
You visited 1 branch of the dungeon, and saw 2 of its levels.

You collected 71 gold pieces.

Inventory:

Hand Weapons
 c - a +0 short sword (weapon)
 h - a +0 spear
Armour
 a - a +0 robe (worn)
 f - a +2 hat (worn)
Scrolls
 d - a scroll of immolation {unknown}
 i - a scroll of fog {unknown}
Potions
 b - a potion of magic
 e - a potion of curing {unknown}
 g - a potion of degeneration {unknown}


   Skills:
 + Level 1.6 Fighting
 - Level 1.7 Dodging
 - Level 1.7 Stealth
 - Level 2.0 Spellcasting
 * Level 4.4 Ice Magic


You had 2 spell levels left.
You knew the following spells:

 Your Spells              Type           Power      Damage    Failure   Level
a - Freeze                Ice            64%        1d7       3%          1
b - Frozen Ramparts       Ice            32%        1d5       10%         3

Your spell library contained the following spells:

 Spells                   Type           Power      Damage    Failure   Level
 Ozocubu's Armour         Ice            16%        N/A       10%         3
 Summon Ice Beast         Ice/Summ       9%         N/A       24%         3


Dungeon Overview and Level Annotations

Branches:
Dungeon (2/15)

Altars:


Innate Abilities, Weirdness & Mutations

You have a pair of small horns on your head.
You are partially covered in razor-sharp scales. (AC +1, Slay +1)


Message History

You hit the giant cockroach.
The giant cockroach is almost dead.
The frozen ramparts melt away.
The gnoll closely misses you.
The gnoll hits you from afar with a +0 spear.
The giant cockroach bites you. The gnoll misses you.
The giant cockroach bites you.
* * * LOW HITPOINT WARNING * * *
The gnoll hits you but does no damage. The endoplasm freezes you.
You are frozen.
* * * LOW HITPOINT WARNING * * *
You climb upwards.
There is a stone staircase leading down here.
The giant cockroach barely misses you.
The endoplasm attacks as it pursues you!
The endoplasm barely misses you. The giant cockroach barely misses you.
Your magical contamination has completely faded away.
Casting: Frozen Ramparts (quite dangerous; 10% risk of failure)
Confirm with . or Enter, or press ? or * to list all spells.
Aiming: Freeze (safe; 3% risk of failure)
Press: ? - help, Shift-Dir - straight line, f - endoplasm
Aim: an endoplasm You freeze the endoplasm.
The endoplasm is heavily wounded.
The endoplasm hits you.
* * * LOW HITPOINT WARNING * * *
There are monsters nearby!
You closely miss the giant cockroach.
The giant cockroach is almost dead.
The giant cockroach bites you.
* * * LOW HITPOINT WARNING * * *
The endoplasm freezes you.
You are frozen.
* * * LOW HITPOINT WARNING * * *
You hit the giant cockroach but do no damage.
The giant cockroach is almost dead.
The giant cockroach bites you but does no damage.
The endoplasm freezes you.
You are frozen.
You die...

#..####.#########..#.###.#..#####
...................#.....#.......
#......#.#..)......#..##.#...####
#..###.#.#.........#.............
#......#.#...............#...####
#.##.#.#.#.#...#........÷....#...
.......#.#.#.......###.......#.##
#............................#.##
##.#.###.#.#####@............#.##
##...........>.JB............#.##
##.######..#..)........#.#.###.##
##.#......÷....[...#.###.......#
##.#.......#.###...#.# #.#.#####
##.+.......#.# #...#.# #.#.#
####.......#.# #...#.# #.#.#
...#.......#.# #.....# #.#.#
...#......##.# #.#.#.###.#.#


You could see an endoplasm and a giant cockroach.

Vanquished Creatures
  A gnoll (D:1)
  5 endoplasms (D:1)
  2 giant cockroaches (D:1)
  3 goblins
  6 hobgoblins (D:1)
  2 jackals (D:1)
  A quokka (D:1)
  A ball python (D:1)
  3 bats (D:1)
  3 frilled lizards (D:1)
  2 kobolds (D:1)
  A rat (D:1)
30 creatures vanquished.

Notes
Turn   | Place    | Note
-------+----------+-------------------------------------------
     0 | D:1      | Autsider the Demonspawn Ice Elementalist began the quest
                  | for the Orb.
     0 | D:1      | Reached XP level 1. HP: 13/13 MP: 3/3
   298 | D:1      | Gained mutation: You have a pair of small horns on your
                  | head. [demonic ancestry]
   298 | D:1      | Reached XP level 2. HP: 20/20 MP: 5/5
   354 | D:1      | Reached skill level 4 in Ice Magic
   444 | D:1      | Reached skill level 1 in Fighting
   976 | D:1      | Gained mutation: You are partially covered in razor-sharp
                  | scales. (AC +1, Slay +1) [demonic ancestry]
   976 | D:1      | Reached XP level 3. HP: 24/26 MP: 1/6
  1333 | D:1      | Learned a level 3 spell: Frozen Ramparts
  1349 | D:1      | Frozen to death by an endoplasm

Illustrated notes

Levels and vault maps discovered:
D:1:      ldierk_walled_garden, layout_basic, minmay_indecisive_spiral
D:2:      layout_rooms, kennysheep_generic_room_11

Skill      XL: |  1  2 |
---------------+-------+-----
Ice Magic      | 4 |  4.4
Fighting       | 1 |  1.6
Dodging        | |  1.7
Stealth        | |  1.7
Spellcasting   | |  2.0

Action                     || total
---------------------------++-------
  Melee: Short sword       ||    23
         Headbutt          ||     3
   Cast: Freeze            ||    41
         Frozen Ramparts   ||     1
 Armour: Robe              ||    31
  Dodge: Dodged            ||    41

Table legend: (Time is in decaauts)
 A = Elapsed time spent in this place.
 B = Non-inter-level travel time spent in this place.
 C = Inter-level travel time spent in this place.
 D = Time resting spent in this place.
 E = Time spent auto-exploring this place.
 F = Levels seen in this place.
 G = Mean time per level.
                   A        B        C        D        E       F      G
               +--------+--------+--------+--------+--------+-----+--------+
         Total |   1349 |   1315 |     34 |     51 |   1047 |   2 |  674.5 |
       Dungeon |   1349 |   1315 |     34 |     51 |   1047 |   2 |  674.5 |
               +--------+--------+--------+--------+--------+-----+--------+

Top non-repeatable levels by time:
     D:1: 1333 daAuts
     D:2: 16 daAuts
